 Dungeon Crawl Stone Soup version 0.17-a0-2220-g6fea741 (webtiles) character file.

3516 xeno23 the Schismatic (level 9, -4/71 HPs)
             Began as a Demonspawn Abyssal Knight on Oct 28, 2015.
             Was an Elder of Lugonu.
             Killed from afar by an electric eel (12 damage)
             ... with a bolt of electricity
             ... on level 7 of the Dungeon on Oct 29, 2015.
             The game lasted 01:10:32 (9301 turns).

xeno23 the Schismatic (Demonspawn Abyssal Knight)   Turns: 9301, Time: 01:10:35

Health: -4/71      AC: 13    Str: 14    XL:     9   Next: 81%
Magic:  15/15      EV: 11    Int: 13    God:    Lugonu [****..]
Gold:   160        SH:  5    Dex: 15    Spells: 0 memorised, 8 levels left

rFire  . . .     SeeInvis .     s - +0 dagger (venom)
rCold  . . .     Clarity  .     l - +0 scale mail
rNeg   . . .     SustAt   .     p - +0 buckler
rPois  .         Gourm    .     i - +2 helmet
rElec  .         Spirit   .     (no cloak)
rCorr  .         Warding  .     e - +2 pair of gloves
rMut   .         Stasis   .     (no boots)
MR     .....                    (no amulet)
Stlth  +++.......               (no ring)
                                (no ring)

@: not resistant to hostile enchantments, fairly stealthy
A: hooves 2, demonic guardian 1, nightstalker 3
a: Depart the Abyss, Bend Space, Banish, Corrupt, Renounce Religion


You were on level 7 of the Dungeon.
You worshipped Lugonu.
Lugonu was greatly pleased with you.
You were hungry.

You visited 2 branches of the dungeon, and saw 8 of its levels.
You visited the Abyss 1 time.

You collected 304 gold pieces.
You spent 144 gold pieces at shops.

Inventory:

Hand Weapons
 a - a +2 falchion
 q - a +2 trident of protection
 s - a +0 dagger of venom (weapon)
Armour
 b - a +0 leather armour
 e - a +2 pair of gloves (worn)
 i - a +2 helmet (worn)
 l - a +0 scale mail (worn)
 p - a +0 buckler (worn)
 r - a +0 chain mail
 w - a +0 plate armour
Wands
 u - a wand of magic darts (33)
 y - a wand of flame (48)
 C - a wand of enslavement (16)
 G - a wand of teleportation (5)
Scrolls
 k - a scroll of identify
 z - 2 scrolls of enchant weapon
 B - a scroll of teleportation
 H - a scroll of immolation
Potions
 d - a potion of ambrosia
 g - a potion of curing
 j - a potion of agility
 m - a potion of lignification
 n - a potion of brilliance {unknown}
 o - a potion of magic {unknown}
 v - a potion of invisibility {unknown}
 F - a potion of flight {unknown}
Books
 x - a book of the Earth

   Spells                             Type                      Level
   a - Leda's Liquefaction            Hexes/Earth                  4
   b - Bolt of Magma                  Conjuration/Fire/Earth       5
   c - Statue Form                    Transmutation/Earth          6
   d - Iron Shot                      Conjuration/Earth            6
   e - Shatter                        Earth                        9
 A - a book of Party Tricks

   Spells                             Type                      Level
   a - Summon Butterflies             Summoning                    1
   b - Apportation                    Translocation                1
   c - Tukima's Dance                 Hexes                        3
   d - Alistair's Intoxication        Transmutation/Poison         4
   e - Invisibility                   Hexes                        6
 E - a Young Poisoner's Handbook

   Spells                             Type                      Level
   a - Sting                          Conjuration/Poison           1
   b - Cure Poison                    Poison                       2
   c - Mephitic Cloud                 Conjuration/Poison/Air       3
   d - Olgreb's Toxic Radiance        Poison                       4
   e - Venom Bolt                     Conjuration/Poison           5
Comestibles
 c - 3 bread rations
 f - a meat ration
 h - 7 fruits
 t - 4 beef jerkies


   Skills:
 + Level 6.7 Fighting
 * Level 7.8 Long Blades
 * Level 4.5 Armour
 + Level 4.3 Dodging
 + Level 2.7 Shields
 + Level 8.3 Invocations


You had 8 spell levels left.
You didn't know any spells.

Dungeon Overview and Level Annotations

Branches:
Dungeon (7/15)             Temple (1/1) D:6

Altars:
Ashenzari
Cheibriados
Dithmenos
Elyvilon
Fedhas
Gozag
Kikubaaqudgha
Makhleb
Nemelex Xobeh
Okawaru
Qazlal
Ru
Sif Muna
Trog
Vehumet
Xom
Yredelemnul
Zin
The Shining One

Shops:
D:5 }

Annotations:
Abyss:1 Menkaure


Innate Abilities, Weirdness & Mutations

You have hoof-like feet.
A weak demonic guardian rushes to your aid.
You are completely attuned to the shadows.


Message History

You take 8 damage.
You swap places.
Your iron imp disappears in a puff of smoke!
Your unstable footing causes you to fumble your attack.
Your white imp hits the electric eel.
Your white imp freezes the electric eel.
The electric eel seems to slow down.
The electric eel shoots out a bolt of lightning at you!
The bolt of electricity hits the electric eel.
The electric eel completely resists.
The bolt of electricity hits you! The bolt of electricity hits you!
* * * LOW HITPOINT WARNING * * *
The electric eel shoots out a bolt of lightning at you!
The bolt of electricity hits the electric eel.
The electric eel completely resists.
The bolt of electricity hits you!
* * * LOW HITPOINT WARNING * * *
Your white imp barely misses the electric eel.
The electric eel shoots out a bolt of lightning at you!
The bolt of electricity hits you!
You die...

#.#####.#.# #....##.#.#
##### ≈ #....<....#
#...♣≈≈ ##...##.###
#..♣s≈P≈P ##.###.#
#..;♣;≈P≈ #.#
#.#####.#♣♣≈≈≈≈ #)#
#.#..<..#♣♣;P≈≈
#####.###.#.####≈≈§;;≈≈
....).....#.####@;P≈5≈≈
.##.....###.#.))♣≈≈≈≈≈≈
..............##≈♣≈≈≈≈≈
.##.....#.######≈P≈≈≈≈≈
##...##.## ♣♣P≈≈
##.##...## ≈≈
#.......## ##.##..#.#
##.#...##


You could see 4 electric eels and a friendly white imp.

Vanquished Creatures
  The ghost of septik the Stickfighter, a novice MiGl of Okawaru (D:7)
  Pikel (D:6)
  The ghost of Kolbur the Spear-Bearer, a novice MfIE (D:6)
  A hippogriff (D:6)
  A sky beast (D:6)
  2 orc warriors (D:7)
  An ogre (D:7)
  3 centaurs
  A gnoll sergeant (D:6)
  2 giant frogs
  5 scorpions
  4 wights (D:6)
  2 centaur zombies
  3 crimson imps
  A hound (D:6)
  A giant frog skeleton (D:6)
  An orc priest (D:6)
  2 iguanas
  A gnoll shaman (D:4)
  Terence (D:2)
  6 orc wizards
  A worker ant (D:5)
  7 adders
  6 gnolls
  An adder skeleton (D:3)
  A worm (D:2)
  The ghost of glosham the Insei, a weakling MfMo (D:3)
  5 giant geckos
  28 orcs
  A ball python (D:2)
  5 bats
  5 goblins
  14 hobgoblins
  7 jackals (D:3)
  4 quokkas
  7 giant cockroaches
  3 giant newts
  A jackal skeleton (D:4)
  6 kobolds
  A quokka skeleton (D:7)
  5 rats
150 creatures vanquished.

Vanquished Creatures (collateral kills)
  An ogre (D:6)
  2 ice beasts
  A hound (D:6)
  A quasit (D:6)
  An orc wizard (D:3)
  3 gnolls
  An adder (D:6)
  An orc (D:3)
  A bat (D:7)
12 creatures vanquished.

Vanquished Creatures (others)
  A slave (D:6)
  A wight (D:6)
  2 crimson imps (D:6)
  A giant gecko (D:6)
  A giant cockroach (D:6)
  A goblin (D:6)
  6 fungi (D:7)
  3 plants (D:3)
16 creatures vanquished.

Grand Total: 178 creatures vanquished

Notes
Turn   | Place    | Note
--------------------------------------------------------------
     0 | Abyss:1  | xeno23 the Demonspawn Abyssal Knight began the quest for the Orb.
     0 | Abyss:1  | Reached XP level 1. HP: 18/18 MP: 2/2
    24 | Abyss:1  | Noticed a smoke demon
    25 | D:1      | Escaped the Abyss
    49 | D:1      | Reached skill level 1 in Dodging
   174 | D:1      | Reached * piety under Lugonu
   210 | D:1      | Gained mutation: You have large cloven feet. [demonic ancestry]
   210 | D:1      | Reached XP level 2. HP: 24/24 MP: 4/4
  1023 | D:2      | Gained mutation: A weak demonic guardian rushes to your aid. [demonic ancestry]
  1023 | D:2      | Reached XP level 3. HP: 29/29 MP: 5/5
  1285 | D:2      | Found a blossoming altar of Fedhas.
  1291 | D:2      | Found a stormy altar of Qazlal.
  1576 | D:2      | Noticed Terence
  1592 | D:2      | Killed Terence
  1592 | D:2      | Reached XP level 4. HP: 24/35 MP: 6/6
  1887 | D:3      | Noticed glosham's ghost (weakling MfMo)
  1897 | D:3      | Killed glosham's ghost
  1958 | D:3      | Reached ** piety under Lugonu
  2348 | D:3      | Gained mutation: You are slightly more attuned to the shadows. [demonic ancestry]
  2348 | D:3      | Reached XP level 5. HP: 29/42 MP: 7/7
  2413 | D:3      | Reached skill level 4 in Invocations
  3013 | D:3      | Found a sacrificial altar of Ru.
  3015 | D:3      | Found a radiant altar of Vehumet.
  3019 | D:3      | Found a glowing silver altar of Zin.
  3020 | D:3      | Found a glowing golden altar of the Shining One.
  3021 | D:3      | Found a snail-covered altar of Cheibriados.
  3182 | D:3      | Reached *** piety under Lugonu
  3849 | D:4      | Noticed Menkaure
  3859 | D:4      | Banished Menkaure
  3859 | D:4      | Reached XP level 6. HP: 22/48 MP: 9/9
  4897 | D:5      | Entered Level 5 of the Dungeon
  4899 | D:5      | Found Xilikod's Quality Used Wands.
  5114 | D:5      | Gained mutation: You are significantly more attuned to the shadows. [demonic ancestry]
  5114 | D:5      | Reached XP level 7. HP: 54/54 MP: 10/10
  5137 | D:5      | Reached skill level 5 in Invocations
  5359 | D:5      | You fall through a shaft for 2 floors!
  5599 | D:6      | Found a staircase to the Ecumenical Temple.
  5630 | Temple   | Entered the Ecumenical Temple
  5897 | D:6      | Reached skill level 5 in Long Blades
  6141 | D:5      | Reached skill level 5 in Fighting
  6141 | D:5      | Reached skill level 6 in Invocations
  6351 | D:5      | Gained mutation: You are completely attuned to the shadows. [demonic ancestry]
  6351 | D:5      | Reached XP level 8. HP: 50/62 MP: 12/12
  6725 | D:5      | Bought a wand of teleportation (0) for 144 gold pieces
  7085 | D:6      | Noticed Pikel
  7122 | D:6      | Killed Pikel
  7122 | D:6      | Reached skill level 1 in Shields
  7122 | D:6      | Reached skill level 7 in Invocations
  7211 | D:6      | Gained mutation: You have hoof-like feet. [demonic ancestry]
  7211 | D:6      | Reached XP level 9. HP: 30/69 MP: 14/14
  7331 | D:6      | Noticed Kolbur's ghost (novice MfIE)
  7674 | D:6      | Killed Kolbur's ghost
  7674 | D:6      | Reached **** piety under Lugonu
  8198 | D:7      | Noticed septik's ghost (novice MiGl)
  8661 | D:7      | Killed septik's ghost
  8661 | D:7      | Reached skill level 8 in Invocations
  9301 | D:7      | Killed from afar by an electric eel

Vault maps used:
D:1:      saegor_arrival_simple_c, minmay_parallelograms
D:2:      grunt_temple_overflow_forces_of_nature, uniq_terence
D:3:      minitemple, serial_forest, infiniplex_forest_clump_small,
          infiniplex_forest_straight_2, infiniplex_forest_end_2,
          infiniplex_forest_clump_medium, infiniplex_forest_clump_double,
          infiniplex_forest_clump_medium, infiniplex_forest_lined_room_,
          st_stairs_3, minivault_26, minmay_ruptured
D:4:      uniq_menkaure
D:5:      first_bread, hangedman_decor_lopped, nicolae_for_you_no_charge
D:6:      minmay_temple_entry_trees, minmay_misc_feat_square, grunt_tough_drop,
          uniq_pikel
D:7:      old_forge, serial_shops, kennysheep_little_box, basic_altar,
          serial_bayou_lake_a
Temple:   dpeg_five_rooms_temple_12
Abyss:1:  hangedman_abyss_or_decor_jellyfish_corner

Action                   |  1- 3 |  4- 6 |  7- 9 || total
-------------------------+-------+-------+-------++-------
Melee: Falchion          |   120 |   248 |   252 ||   620
       Dagger            |       |   101 |   222 ||   323
Invok: Depart the Abyss  |     1 |       |       ||     1
       Banish            |       |     1 |     1 ||     2
       Bend Space        |       |       |     2 ||     2
  Use: Potion            |       |     2 |     1 ||     3
       Scroll            |       |     7 |     8 ||    15
 Stab: Distracted        |       |       |     2 ||     2
  Eat: Chunk             |     2 |    12 |    12 ||    26
       Fruit             |       |     1 |       ||     1
       Pizza             |       |       |     1 ||     1
